 Dungeon Crawl Stone Soup version 0.29-a0-320-g9f8742066b (webtiles) character file.

Game seed: 12880078507597248434

258 sammy202020 the Skirmisher (level 5, 9/43 HPs)
             Began as a Demonspawn Berserker on Apr 2, 2022.
             Was a Believer of Trog.
             Quit the game on level 3 of the Dungeon.
             The game lasted 00:03:50 (1832 turns).

sammy202020 the Skirmisher (Demonspawn Berserker)   Turns: 1832, Time: 00:03:51

Health: 9/43       AC: 13    Str: 15    XL:     5   Next: 94%
Magic:  4/5        EV:  7    Int: 13    God:    Trog [**....]
Gold:   132        SH:  0    Dex: 12    Spells: 4/4 levels left

rFire   . . .      SeeInvis .   q - +0 war axe
rCold   . . .      Faith    .   (no shield)
rNeg    . . .      Spirit   .   k - +0 chain mail
rPois   .          Reflect  .   (helmet restricted)
rElec   .          Harm     .   (no cloak)
rCorr   .          Rampage  .   (no gloves)
Will    .....                   (no boots)
Stlth   ..........              (no amulet)
HPRegen 0.14/turn               c - +4 ring of protection
MPRegen 0.09/turn               (no ring)

@: weak-willed, on berserk cooldown, slowed, very slow
A: horns 1, demonic guardian 1, demonic magic 1, clever 1, deterioration 1, weak
1
a: Renounce Religion, Berserk, Trog's Hand


You were on level 3 of the Dungeon.
You worshipped Trog.
Trog was pleased with you.
You visited 1 branch of the dungeon, and saw 3 of its levels.

You collected 132 gold pieces.

Inventory:

Hand Weapons
 f - a +0 flail
 q - a +0 war axe (weapon)
 t - a +0 mace
Missiles
 d - 3 boomerangs (quivered)
 g - 3 poisoned darts
 r - 2 boomerangs of dispersal
Armour
 b - a +0 animal skin
 j - a +0 scale mail
 k - a +0 chain mail (worn)
Jewellery
 c - a +4 ring of protection (left hand)
Scrolls
 n - 3 scrolls of teleportation
Potions
 l - 2 potions of curing {unknown}
 o - a potion of heal wounds {unknown}


   Skills:
 * Level 4.3 Fighting
 * Level 3.9 Axes
 * Level 3.3 Armour
 + Level 2.7 Dodging


You had 4 spell levels left.
You didn't know any spells.
Your spell library was empty.

Dungeon Overview and Level Annotations

Branches:
Dungeon (3/15)

Altars:
Gozag


Innate Abilities, Weirdness & Mutations

You have a pair of small horns on your head.
A weak demonic guardian rushes to your aid.
Spells you cast may paralyse adjacent enemies.
Your mind is acute. (Int +2)
Your body sometimes deteriorates upon taking damage.
You are weak. (Str -2)


Message History

You are exhausted.
You feel yourself slow down.
As you read the scroll labelled DEWNEAN DEALUC, it crumbles to dust.
It is a scroll of amnesia.
You feel forgetful for a moment.
As you read the scroll labelled GAAM WAODWOMIO, it crumbles to dust.
It is a scroll of identify.
h - 2 potions of mutation A ball python comes into view.
Okay, then.
The ball python attacks as you move away!
The ball python bites you but does no damage.
Your shadow imp hits the ball python.
The ball python dies!
Trog accepts your kill.
As you read the scroll labelled IPHIRAUMMO, it crumbles to dust.
You assume a fearsome visage.
Nothing appears to happen.
It was a scroll of fear.
As you read the scroll labelled FUACOA RITEGH, it crumbles to dust.
You hear a loud clanging noise!
It was a scroll of noise.
You hear an angry hiss. x2; You hear a shout!
You hear an angry hiss.
Your shadow imp disappears in a puff of smoke!
As you read the scroll labelled RORUJA FIGA, it crumbles to dust.
Magic quickly surges around you.
It was a scroll of vulnerability.
As you read the scroll labelled NYLAORYLIS, it crumbles to dust.
You feel strangely unstable.
It was a scroll of teleportation.
Unknown command.
Okay, then.
Really quaff the potion of mutation?
You feel extremely strange.
You feel less energetic.
You feel resistant to cold.
Your surroundings suddenly seem different.
Found a twisted robe.
Really quaff the potion of mutation?
You feel extremely strange.
You no longer feel cold resistant.
You feel more energetic.
You feel weaker.
You feel clever.
You feel yourself wasting away.
A kobold comes into view. It is wielding a +0 short sword.
Are you sure you want to abandon this character and quit the game? (Confirm with "yes".)

.
###..#...#####
#....#.#
#......+
##.....
#.#...#
#.K##+. ##.
...#.
#..###.....
#@..#
#...#......
##### ##[.. #


You could see a kobold.

Vanquished Creatures
  A black bear (D:3)
  An ogre (D:3)
  A gnoll (D:1)
  4 adders
  7 orcs (D:3)
  3 endoplasms
  2 hobgoblins (D:1)
  2 kobolds
  A quokka (D:1)
  5 bats
  A frilled lizard (D:2)
  6 goblins
  2 rats (D:1)
36 creatures vanquished.

Vanquished Creatures (collateral kills)
  A ball python (D:3)
  A rat (D:3)
2 creatures vanquished.

Grand Total: 38 creatures vanquished

Notes
Turn   | Place    | Note
-------+----------+-------------------------------------------
     0 | D:1      | sammy202020 the Demonspawn Berserker began the quest for
                  | the Orb.
     0 | D:1      | Reached XP level 1. HP: 18/18 MP: 1/1
   263 | D:1      | Gained mutation: Spells you cast may paralyse adjacent
                  | enemies. [demonic ancestry]
   263 | D:1      | Reached XP level 2. HP: 23/24 MP: 2/2
   553 | D:1      | Found a faded altar of an unknown god.
   927 | D:2      | Reached XP level 3. HP: 29/29 MP: 3/3
  1573 | D:3      | Found an opulent altar of Gozag.
  1611 | D:3      | Identified the +1 chain mail of Shadows and Fog {Harm
                  | Will+}
  1642 | D:3      | Noticed a black bear
  1643 | D:3      | Reached ** piety under Trog
  1644 | D:3      | Gained mutation: You have a pair of small horns on your
                  | head. [demonic ancestry]
  1644 | D:3      | Reached XP level 4. HP: 32/36 MP: 4/4
  1654 | D:3      | Killed a black bear
  1655 | D:3      | Reached skill level 4 in Fighting
  1655 | D:3      | Gained mutation: A weak demonic guardian rushes to your
                  | aid. [demonic ancestry]
  1655 | D:3      | Reached XP level 5. HP: 42/42 MP: 5/5
  1801 | D:3      | Noticed an ogre
  1809 | D:3      | Killed an ogre
  1830 | D:3      | Gained mutation: Your magical capacity is low. (-10% MP)
                  | [potion of mutation]
  1830 | D:3      | Gained mutation: Your flesh is cold resistant. (rC+)
                  | [potion of mutation]
  1831 | D:3      | Lost mutation: Your flesh is cold resistant. (rC+) [potion
                  | of mutation]
  1831 | D:3      | Lost mutation: Your magical capacity is low. (-10% MP)
                  | [potion of mutation]
  1831 | D:3      | Gained mutation: You are weak. (Str -2) [potion of
                  | mutation]
  1831 | D:3      | Gained mutation: Your mind is acute. (Int +2) [potion of
                  | mutation]
  1831 | D:3      | Gained mutation: Your body sometimes deteriorates upon
                  | taking damage. [potion of mutation]
  1832 | D:3      | Quit the game

Illustrated notes

Levels and vault maps discovered:
D:1:      minmay_arrival_checkered_box, layout_loops_ring,
          hellmonk_ecumenical_altar_blasted
D:2:      layout_loops_ring
D:3:      layout_rooms, nicolae_overflow_crystal_walls,
          minmay_fractal_squares_diagonal_5

Skill      XL: |  1  2  3  4 |
---------------+-------------+-----
Armour         | 2 3 |  3.3
Dodging        | 2 |  2.7
Axes           | 3 |  3.9
Fighting       | 4 |  4.3

Action                   |  1- 3 |  4- 6 || total
-------------------------+-------+-------++-------
Melee: Hand axe          |    75 |       ||    75
       War axe           |     1 |    22 ||    23
       Headbutt          |       |     2 ||     2
Invok: Berserk           |       |     2 ||     2
       Trog's Hand       |       |     1 ||     1
  Use: Scroll            |       |     6 ||     6
       Potion            |       |     2 ||     2
Armor: Animal skin       |    10 |       ||    10
       Chain mail        |    31 |    38 ||    69
       Scale mail        |     1 |       ||     1
Dodge: Dodged            |    34 |    23 ||    57

Table legend: (Time is in decaauts)
 A = Elapsed time spent in this place.
 B = Non-inter-level travel time spent in this place.
 C = Inter-level travel time spent in this place.
 D = Time resting spent in this place.
 E = Time spent auto-exploring this place.
 F = Levels seen in this place.
 G = Mean time per level.
                   A        B        C        D        E       F      G
               +--------+--------+--------+--------+--------+-----+--------+
         Total |   1860 |   1827 |     33 |      0 |   1475 |   3 |  620.0 |
       Dungeon |   1860 |   1827 |     33 |      0 |   1475 |   3 |  620.0 |
               +--------+--------+--------+--------+--------+-----+--------+

Top non-repeatable levels by time:
     D:2: 821 daAuts
     D:1: 706 daAuts
     D:3: 332 daAuts
